 Dungeon Crawl Stone Soup version 0.29.1-12-g30fa7ad0bf (webtiles) character file.

Game seed: 4490602642448240028

1727 concernfroge the Fighter (level 8, -2/72 HPs)
             Began as a Mummy Monk on Dec 24, 2022.
             Was a Priest of Okawaru.
             Slain by a vampire mosquito (4 damage)
             ... on level 8 of the Dungeon.
             The game lasted 00:19:53 (7526 turns).

concernfroge the Fighter (Mummy Monk)               Turns: 7526, Time: 00:19:54

Health: -2/72      AC: 12    Str: 14    XL:     8   Next: 75%
Magic:  11/11      EV: 14    Int: 13    God:    Okawaru [***...]
Gold:   71         SH:  0    Dex: 17    Spells: 7/7 levels left

rFire   x . .      SeeInvis .   m - +0 triple sword (drain)
rCold   + . .      Faith    .   (shield currently unavailable)
rNeg    + + +      Spirit   .   b - +3 ring mail "Onuuk" {rElec Int+4}
rPois   ∞          Reflect  .   o - +0 helmet
rElec   +          Harm     .   j - +0 cloak
rCorr   +          Rampage  .   (no gloves)
Will    +....                   i - +0 pair of boots
Stlth   +++.......              (no amulet)
HPRegen 0.22/turn               n - ring of resist corrosion
MPRegen 0.12/turn               a - ring of wizardry

@: about to teleport, heroic
A: cold resistance 1, negative energy resistance 3, torment resistance 2, heat
vulnerability 1, in touch with death 1, no potions
a: Renounce Religion, Heroism


You were on level 8 of the Dungeon.
You worshipped Okawaru.
Okawaru was most pleased with you.
You visited 1 branch of the dungeon, and saw 8 of its levels.

You collected 383 gold pieces.
You spent 312 gold pieces at shops.

Inventory:

Hand Weapons
 m - a +0 triple sword of draining (weapon)
Missiles
 g - 65 stones
 k - a boomerang of dispersal
 s - 13 poisoned darts (quivered)
 t - 2 boomerangs
 u - 2 curare-tipped darts
Armour
 b - the +3 ring mail "Onuuk" (worn) {rElec Int+4}
   (You found it on level 6 of the Dungeon)

   Int:       It affects your intelligence (+4).
   rElec:     It insulates you from electricity.
 c - a +0 pair of boots
 i - a +0 pair of boots (worn)
 j - a +0 cloak (worn)
 o - a +0 helmet (worn)
Jewellery
 a - a ring of wizardry (right hand)
 n - a ring of resist corrosion (left hand)
 p - a +4 ring of evasion
Scrolls
 d - 3 scrolls of vulnerability
 l - a scroll of torment
 q - 2 scrolls of fog
 r - a scroll of enchant armour {unknown}
 v - a scroll of immolation {unknown}


   Skills:
 + Level 9.9(14.9) Fighting
 + Level 1.8(6.8) Long Blades
 - Level 2.4(7.4) Polearms
 - Level 2.4(7.4) Dodging
 - Level 1.5(6.5) Stealth
 - Level 4.9 Invocations


You had 7 spell levels left.
You didn't know any spells.
Your spell library contained the following spells:

 Spells                   Type           Power      Damage    Failure   Level
 Orb of Destruction       Conj           0%         9d5       100%        7
 Summon Guardian Golem    Hex/Summ       Unusable   N/A       N/A         3
 Spellforged Servitor     Conj/Summ      Unusable   N/A       N/A         7

Dungeon Overview and Level Annotations

Branches:
Dungeon (8/15)
 Temple: D:4-7         Lair: D:8-11

Altars:
Fedhas
Hepliaklqana
Nemelex Xobeh
Okawaru
Vehumet

Shops:
D:5 *   D:6 :

Annotations:
D:3 1 runed translucent door, exclusion: door, Crazy Yiuf


Innate Abilities, Weirdness & Mutations

You are immune to poison.
Your flesh is cold resistant. (rC+)
You are immune to negative energy. (rN+++)
You are immune to unholy pain and torment.
You are vulnerable to heat. (rF-)
You are in touch with the powers of death.
You do not drink.


Message History

* * * LOW HITPOINT WARNING * * *
You gain the combat prowess of a mighty hero.
The yak looks more healthy.
The yak gores you!
* * * LOW HITPOINT WARNING * * *
As you read the scroll of fear, it crumbles to dust.
You assume a fearsome visage.
The yak looks frightened! x2
As you read the scroll of teleportation, it crumbles to dust.
You feel strangely unstable.
Your surroundings suddenly seem different.
A wight and 2 yaks come into view.
The yak bellows!
You hear a bellow!
A yak comes into view. x2
As you read the scroll of teleportation, it crumbles to dust.
You feel strangely unstable.
Your surroundings suddenly seem different. 3 orcs come into view.
The orc shouts!
An orc priest comes into view. It is wielding a +0 trident.
As you read the scroll of teleportation, it crumbles to dust.
You feel strangely unstable.
The yak seems to regain its courage.
The orc completely misses you.
Found a falchion.
The orc attacks as you move away! The orc hits you with a +0 hand axe.
* * * LOW HITPOINT WARNING * * *
Your surroundings suddenly seem different.
A vampire, a vampire mosquito, a boulder beetle, a gargoyle and a cyclops come into view.
Found a pitted chain mail and 8 stones.
Okay, then.
As you read the scroll labelled IVVYZUG WELO, it crumbles to dust.
It is a scroll of amnesia.
You feel forgetful for a moment.
The vampire mosquito buzzes angrily.
A gargoyle comes into view. It is wielding a +4 morningstar.
As you read the scroll of teleportation, it crumbles to dust.
You feel strangely unstable.
The vampire hits you but does no damage.
The vampire closely misses you.
You barely miss the vampire mosquito. The vampire mosquito bites you.
You die...

.#.#...#
...##
##.# ..#
#..#. #.
...#
#.... .
.#Y. ..
#... #.
.#..
#.##... #
.......
#..... ##
###.#####
###....
.#
......V@#
.......
.#
#.#.#.#y#
.......
.# .9 ..#
..####.
.# ..9
C.## #.
.# #..
..# ###
.. #. ...
#Y. .. [
.... #..
.# (#.#
#.g .#
.....#


You could see a cyclops, a vampire, a vampire mosquito and 2 gargoyles.

Vanquished Creatures
  A steam dragon (D:6)
  Duvessa (D:5)
  An orc warrior (D:6)
  A sky beast (D:7)
  An ice beast (D:5)
  2 bullfrogs
  2 necrophages (D:4)
  4 scorpions
  Dowan (D:5)
  A howler monkey (D:5)
  A gnoll bouda (D:8)
  A jelly (D:4)
  An orc priest (D:7)
  2 hounds
  Ijyb (D:4)
  3 iguanas
  7 orc wizards
  Robin (D:2)
  3 gnolls (D:8)
  9 adders
  A shadow imp (D:5)
  2 white imps (D:6)
  2 worms
  15 orcs
  6 endoplasms
  4 giant cockroaches
  7 goblins (D:2)
  4 hobgoblins
  6 ball pythons
  5 bats
  3 frilled lizards
  9 kobolds
  5 rats
113 creatures vanquished.

Vanquished Creatures (others)
  An orc wizard (D:6)
  6 plants (D:2)
7 creatures vanquished.

Grand Total: 120 creatures vanquished

Notes
Turn   | Place    | Note
-------+----------+-------------------------------------------
     0 | D:1      | concernfroge the Mummy Monk began the quest for the Orb.
     0 | D:1      | Reached XP level 1. HP: 18/18 MP: 1/1
   528 | D:1      | Reached XP level 2. HP: 19/24 MP: 2/2
   910 | D:1      | Found a faded altar of an unknown god.
  1918 | D:2      | Reached skill level 4 in Fighting
  1984 | D:2      | Gained mutation: You are in touch with the powers of death.
                  | [Mummy growth]
  1984 | D:2      | Reached XP level 3. HP: 17/30 MP: 3/3
  2450 | D:2      | Reached skill level 5 in Fighting
  2450 | D:2      | Reached XP level 4. HP: 38/39 MP: 4/4
  2524 | D:2      | Noticed Robin
  2544 | D:2      | Killed Robin
  3241 | D:3      | Reached XP level 5. HP: 46/46 MP: 5/5
  3317 | D:3      | Found a runed translucent door.
  3318 | D:3      | Noticed Crazy Yiuf
  3459 | D:3      | Found a blossoming altar of Fedhas.
  3714 | D:4      | Reached skill level 6 in Fighting
  3913 | D:4      | Reached XP level 6. HP: 29/53 MP: 6/6
  4229 | D:4      | Reached skill level 7 in Fighting
  4602 | D:4      | Found an iron altar of Okawaru.
  4620 | D:4      | Became a worshipper of Warmaster Okawaru
  4620 | D:4      | Reached * piety under Okawaru
  4620 | D:4      | Reached ** piety under Okawaru
  4629 | D:5      | Entered Level 5 of the Dungeon
  4649 | D:5      | Identified the +1 leather armour "Uras" {Str+2}
  4650 | D:5      | Noticed an ice beast
  4663 | D:5      | Killed an ice beast
  4664 | D:5      | Reached skill level 1 in Invocations
  4664 | D:5      | Reached XP level 7. HP: 48/61 MP: 7/7
  4847 | D:5      | Reached skill level 8 in Fighting
  4986 | D:5      | Noticed Ijyb
  5153 | D:5      | Found a sparkling altar of Nemelex Xobeh.
  5181 | D:5      | Found Ynkazut's Assorted Antiques.
  5382 | D:5      | Noticed Duvessa
  5382 | D:5      | Noticed Dowan
  5404 | D:5      | Killed Dowan
  5407 | D:5      | Killed Duvessa
  5408 | D:5      | Reached XP level 8. HP: 18/70 MP: 10/10
  5742 | D:4      | Killed Ijyb
  6006 | D:6      | Found a radiant altar of Vehumet.
  6013 | D:6      | Found Bierauto's Book Shop.
  6021 | D:6      | Reached *** piety under Okawaru
  6081 | D:6      | Reached skill level 9 in Fighting
  6122 | D:6      | Identified the +3 ring mail "Onuuk" {rElec Int+4}
  6506 | D:6      | Identified the +1 robe of Love and Death {rElec}
  7066 | D:5      | Bought a runed triple sword for 312 gold pieces
  7254 | D:7      | Found a hazy altar of Hepliaklqana.
  7419 | D:7      | Reached skill level 1 in Long Blades
  7455 | D:8      | Noticed a two-headed ogre
  7508 | D:8      | HP: 1/72 [yak (10)]
  7523 | D:8      | HP: 1/72 [orc/+0 hand axe (3)]
  7523 | D:8      | Noticed a boulder beetle
  7523 | D:8      | Noticed a gargoyle
  7523 | D:8      | Noticed a cyclops
  7524 | D:8      | Noticed a gargoyle
  7526 | D:8      | Slain by a vampire mosquito

Illustrated notes

Levels and vault maps discovered:
D:1:      minmay_arrival_up_and_down, layout_basic,
          shapermc_ecumenical_altar_mp_vishouse, serial_co_window_serial,
          co_window_corner_a, co_window_paths_a, co_window_paths_b,
          co_window_paths_b, co_window_paths_a, co_window_of_opportunity_b,
          co_window_of_opportunity_c, co_window_corner_cb, co_window_broadway_a,
          co_window_corner_b, co_window_broadway_c, co_window_corner_b,
          co_window_paths_d, glass_columns_c
D:2:      cheibrodos_old_hovel, layout_loops_ring, uniq_robin
D:3:      layout_rooms, fedhas_altar_3, uniq_crazy_yiuf_cottage
D:4:      layout_loops_ring, okawaru_trees_1
D:5:      layout_basic, nemelex_spade_bored_becter, serial_shops,
          nicolae_shop_overgrown_old_shop, fountainhead, serial_bayou_pond_e,
          uniq_ijyb, uniq_duvessa
D:6:      layout_basic, mainiacjoe_overflow_tiny_flanked, serial_shops, shop
D:7:      layout_layer_cave, general_overflow_altar,
          minmay_temple_entry_poolview, uniq_pikel
D:8:      layout_cave_pools, chei_slow_surprise, chequers_ossuary_entry_cave,
          serial_shops, shop, minmay_the_grid_2x2 [minmay_the_grid_broken_lines,
          minmay_the_grid_expand, minmay_the_grid_zigzag_pyramid,
          minmay_the_grid_prize_big_room]

Skill      XL: |  1  2  3  4  5  6  7  8 |
---------------+-------------------------+-----
Fighting       | 4 5 6 7 8 9 |  9.9
Invocations    | 1 3 4 |  4.9
Long Blades    | 1 |  1.8
Polearms       | |  2.4
Dodging        | |  2.4
Stealth        | |  1.5

Action                   |  1- 3 |  4- 6 |  7- 9 || total
-------------------------+-------+-------+-------++-------
Melee: Spear             |    24 |       |       ||    24
       Quarterstaff      |    72 |    71 |       ||   143
       Flail             |       |    22 |       ||    22
       Morningstar       |       |    52 |   122 ||   174
       Punch             |       |       |     4 ||     4
       Triple sword      |       |       |    37 ||    37
Throw: Dart              |       |       |    18 ||    18
Invok: Heroism           |       |       |     8 ||     8
Evoke: Wand              |       |       |     8 ||     8
  Use: Scroll            |       |       |    17 ||    17
 Stab: Sleeping          |     4 |     7 |       ||    11
Armor: Robe              |     4 |       |       ||     4
       Leather armour    |    17 |    52 |       ||    69
       Ring mail         |     1 |       |    79 ||    80
       Plate armour      |       |    27 |    64 ||    91
Dodge: Dodged            |    57 |    84 |   104 ||   245
